 Dungeon Sprint DCSS version 0.30-a0-1163-gf69bf04e7a (webtiles) character file.

Game seed: 15938900611955180105

605 fozzywoppz the Unseen (level 7, -3/32 HPs)
             Began as a Spriggan Enchanter on Apr 28, 2023.
             Was an Initiate of Jiyva.
             Slain by a centaur warrior
             ... wielding a +0 whip
              (15 damage)
             ... in the Dungeon (Sprint I: "Red Sonja").
             The game lasted 00:03:17 (182 turns).

fozzywoppz the Unseen (Spriggan Enchanter)           Turns: 182, Time: 00:03:19

Health: -3/32      AC:  2    Str:  6    XL:     7   Next: 19%
Magic:  12/14      EV: 23    Int: 16    God:    Jiyva [......]
Gold:   306        SH:  0    Dex: 16    Spells: 6/14 levels left

rFire   . . .        a - +1 dagger
rCold   . . .        (no shield)
rNeg    . . .        b - +0 robe
rPois   .            (helmet restricted)
rElec   .            (no cloak)
rCorr   .            (gloves unavailable)
SInv    +            (boots unavailable)
Will    +....        (no amulet)
Stlth   ++++++       (no ring)
HPRegen 0.25/turn    (no ring)
MPRegen 0.14/turn

%: no teleportation
@: very quick
A: very small, no large weapons, unfitting armour, see invisible, speed 3
a: Renounce Religion


You were in the Dungeon.
You worshipped Jiyva.
Jiyva was noncommittal.
You visited 1 branch You collected 306 gold pieces.

Inventory:

Hand Weapons
 a - a +1 dagger (weapon)
Armour
 b - a +0 robe (worn)
Wands
 j - a wand of roots (3)
 l - a wand of polymorph (11)
Scrolls
 i - a scroll of blinking
Potions
 c - 2 potions of invisibility
 d - a potion of curing
 e - a potion of heal wounds
 f - a potion of haste
 g - 2 potions of magic
 h - a potion of berserk rage
 k - a potion of degeneration {unknown}


   Skills:
 + Level 0.6 Fighting
 - Level 10.0 Short Blades
 + Level 10.1 Dodging
 + Level 15.1 Stealth
 - Level 4.0 Spellcasting
 - Level 5.0 Hexes


You had 6 spell levels left.
You knew the following spells:

 Your Spells              Type           Power      Damage    Failure   Level
a - Ensorcelled Hibernat  Hex/Ice        22%        N/A       9%          2
b - Confusing Touch       Hex            19%        N/A       6%          3
c - Tukima's Dance        Hex            19%        N/A       6%          3

Your spell library contained the following spells:

 Spells                   Type           Power      Damage    Failure   Level
 Dazzling Flash           Conj/Hex       22%        N/A       19%         3


Dungeon Overview and Level Annotations

Branches:
Dungeon (1/1)

Altars:
Cheibriados
Dithmenos
Elyvilon
Fedhas
Gozag
Hepliaklqana
Kikubaaqudgha
Makhleb
Nemelex Xobeh
Okawaru
Qazlal
Ru
Sif Muna
Trog
Uskayaw
Vehumet
Wu Jian
Xom
Yredelemnul
Zin
The Shining One
Jiyva
Lugonu

Shops:
D =


Innate Abilities, Weirdness & Mutations

You are very small and have problems with some larger weapons.
You are too small for most types of armour.
You have supernaturally acute eyesight. (SInv)
You cover ground extremely quickly. (Speed+++)


Message History

You hear a distant slurping noise.
Found 135 gold pieces.
There is an open door here.
You hear a distant slurping noise.
You now have 198 gold pieces (gained 27).
You now have 225 gold pieces (gained 27).
You hear a distant slurping noise.
You now have 252 gold pieces (gained 27).
You now have 279 gold pieces (gained 27).
You now have 306 gold pieces (gained 27).
There is an open door here.
There is an open door here.
There is an entrance to Dinisham's Jewellery Emporium here.
You can access your shopping list by pressing '$'.
There is an entrance to Dinisham's Jewellery Emporium here.
You can access your shopping list by pressing '$'.
There is an open door here.
There is a shimmering blue altar of Sif Muna here.
A centaur warrior comes into view. It is wielding a +0 whip.
Found a robe and 15 gold pieces.
The centaur warrior shouts!
You hit the centaur warrior.
The centaur warrior is heavily wounded.
You hit the centaur warrior.
You punch the centaur warrior, but do no damage.
The centaur warrior is heavily wounded.
The centaur warrior hits you with a +0 whip!
The centaur warrior barely misses you.
You hit the centaur warrior.
The centaur warrior is severely wounded.
The centaur warrior hits you with a +0 whip!
The centaur warrior kicks you but does no damage.
Casting: Confusing Touch (dangerous; 6% risk of failure)
Confirm with . or Enter, or press ? or * to list all spells.
Aiming: Ensorcelled Hibernation (safe; 9% risk of failure)
Press: ? - help, Shift-Dir - straight line, f - centaur warrior
Aim: a centaur warrior, wielding a +0 whip (purple smoke, severely wounded, covered in acid, chance to affect: 28%)
The centaur warrior easily resists.
The centaur warrior hits you with a +0 whip!
You die...

###################
#<.#.)'..#.)'..#__#
#..)..#..'..#..'..+
#..#####'#####'#__#
#..####..#...#.####§.#
#..#__####..##G#§§§§§#
#..#_____##'#_.@§§§.§
#⌠⌠#_.∩...'...§#c~§..#
####_..__##_.#+##§####
#_____###+# [§$
####### ###


You could see a centaur warrior (corroded) and a neutral floating eye
(wandering) (fellow slime).

Vanquished Creatures
  A slime creature (D)
  A yak (D)
  Sigmund (D)
  An ogre (D)
  Ijyb (D)
5 creatures vanquished.

Vanquished Creatures (others)
  An unseen horror (D)
  7 necrophages (D)
  6 jellies (D)
14 creatures vanquished.

Grand Total: 19 creatures vanquished

Notes
Turn   | Place    | Note
-------+----------+-------------------------------------------
     0 | D        | fozzywoppz the Spriggan Enchanter began the quest for the
                  | Orb.
     0 | D        | Reached XP level 1. HP: 9/9 MP: 5/5
     1 | D        | Noticed Ijyb
     5 | D        | Killed Ijyb
     6 | D        | Reached skill level 5 in Stealth
     6 | D        | Reached XP level 2. HP: 5/13 MP: 6/8
    40 | D        | Noticed an ogre
    54 | D        | Killed an ogre
    55 | D        | Reached skill level 5 in Short Blades
    55 | D        | Reached skill level 9 in Stealth
    55 | D        | Reached skill level 5 in Hexes
    55 | D        | Reached XP level 3. HP: 13/16 MP: 9/9
    55 | D        | Reached XP level 4. HP: 17/21 MP: 11/11
    82 | D        | Noticed Sigmund
    85 | D        | Killed Sigmund
    86 | D        | Reached skill level 11 in Stealth
    86 | D        | Reached XP level 5. HP: 24/24 MP: 12/12
    86 | D        | Reached XP level 6. HP: 28/28 MP: 13/13
    89 | D        | Learned a level 2 spell: Ensorcelled Hibernation
    93 | D        | Learned a level 3 spell: Confusing Touch
    97 | D        | Learned a level 3 spell: Tukima's Dance
   110 | D        | Found a burning altar of Makhleb.
   110 | D        | Found a viscous altar of Jiyva.
   110 | D        | Found a shimmering altar of Xom.
   110 | D        | Found a corrupted altar of Lugonu.
   110 | D        | Noticed a slime creature
   113 | D        | Killed a slime creature
   114 | D        | Reached skill level 10 in Dodging
   114 | D        | Reached skill level 14 in Stealth
   115 | D        | Became a worshipper of Jiyva Jatrituy the Shapeless
   118 | D        | Found an ornate altar of the Wu Jian Council.
   118 | D        | Found a shimmering blue altar of Sif Muna.
   120 | D        | Found a radiant altar of Vehumet.
   129 | D        | Noticed a centaur warrior
   134 | D        | Found Dinisham's Jewellery Emporium.
   134 | D        | Found an ancient bone altar of Kikubaaqudgha.
   134 | D        | Found a hazy altar of Hepliaklqana.
   134 | D        | Found a stormy altar of Qazlal.
   134 | D        | Found a hide-covered altar of Uskayaw.
   134 | D        | Found a blossoming altar of Fedhas.
   134 | D        | Found a bloodstained altar of Trog.
   134 | D        | Found an iron altar of Okawaru.
   134 | D        | Found a basalt altar of Yredelemnul.
   134 | D        | Found a glowing golden altar of the Shining One.
   134 | D        | Found a snail-covered altar of Cheibriados.
   134 | D        | Found a sacrificial altar of Ru.
   134 | D        | Found a glowing silver altar of Zin.
   134 | D        | Found a shadowy altar of Dithmenos.
   134 | D        | Found a white marble altar of Elyvilon.
   134 | D        | Noticed a yak
   135 | D        | Found an opulent altar of Gozag.
   136 | D        | Killed a yak
   137 | D        | Reached skill level 10 in Short Blades
   137 | D        | Reached skill level 15 in Stealth
   137 | D        | Reached XP level 7. HP: 32/32 MP: 14/14
   137 | D        | Found a sparkling altar of Nemelex Xobeh.
   170 | D        | Killed an unseen horror
   178 | D        | Noticed a centaur warrior
   182 | D        | Slain by a centaur warrior

Illustrated notes

Levels and vault maps discovered:
D:        dungeon_sprint_1 [red_sonja_temple_1, red_sonja_temple_small_1]

Skill      XL: |  1  2  3  4  5  6 |
---------------+-------------------+-----
Short Blades   | 2 5 7 10 | 10.0
Dodging        | 4 6 9 10 | 10.1
Stealth        | 5 9 11 15 | 15.1
Spellcasting   | 4 |  4.0
Hexes          | 4 5 |  5.0
Fighting       | |  0.6

Action                     |  1- 3 |  4- 6 |  7- 9 || total
---------------------------+-------+-------+-------++-------
  Melee: Dagger            |     6 |     3 |     3 ||    12
         Punch             |       |       |     1 ||     1
   Cast: Ensorcelled Hiber |       |       |     1 ||     1
  Evoke: Wand              |     4 |       |       ||     4
   Stab: Sleeping          |     1 |     3 |       ||     4
 Armour: Robe              |       |       |     1 ||     1
  Dodge: Dodged            |     2 |       |     1 ||     3

Table legend: (Time is in decaauts)
 A = Elapsed time spent in this place.
 B = Non-inter-level travel time spent in this place.
 C = Inter-level travel time spent in this place.
 D = Time resting spent in this place.
 E = Time spent auto-exploring this place.
 F = Levels seen in this place.
 G = Mean time per level.
                   A        B        C        D        E       F      G
               +--------+--------+--------+--------+--------+-----+--------+
         Total |    143 |    143 |      0 |     43 |      0 |   1 |  143.0 |
       Dungeon |    143 |    143 |      0 |     43 |      0 |   1 |  143.0 |
               +--------+--------+--------+--------+--------+-----+--------+

Top non-repeatable levels by time:
       D: 143 daAuts
